 Dungeon Crawl Stone Soup version 0.27-a0-1299-g1ab19c6527 (webtiles) character file.

Game seed: 9717120663821326395

53224 flotson the Cleaver (level 14, -10/113 HPs)
             Began as a Demonspawn Delver on June 16, 2021.
             Was an Initiate of Gozag.
             Drowned by a drowned soul (12 damage)
             ... summoned by a merfolk avatar
             ... on level 6 of the Lair of Beasts.
             The game lasted 00:40:33 (22880 turns).

flotson the Cleaver (Demonspawn Delver)            Turns: 22880, Time: 00:40:33

Health: -10/113    AC: 31    Str: 22    XL:     14   Next: 30%
Magic:  0/14       EV:  9    Int: 24    God:    Gozag
Gold:   910        SH: 19    Dex: 14    Spells: 13/13 levels left

rFire    + . .     SeeInvis .   a - +10 war axe of Offence {pain, +Rage rElec rC- rN+++}
rCold    . . .     Faith    .   T - +5 kite shield of Unreason {rPois Int+7}
rNeg     + + +     Spirit   +   t - +2 crystal plate armour
rPois    +         Reflect  .   i - +1 hat "Dayrid" {Will++ Int+3}
rElec    +         Harm     .   A - scarf {rC+ rF+}
rCorr    .         Rampage  .   (gloves unavailable)
Will     +++..                  Y - +0 pair of boots {Stlth+}
Stlth    ..........             Q - amulet of guardian spirit
HPRegen  0.28/turn              j - +4 ring of evasion
MPRegen  0.14/turn              S - +6 ring of strength

@: studying Fighting, very slow
A: claws 3, slimy green scales 2, foul stench 2, icemail 1, condensation shield
a: Renounce Religion, Evoke Berserk Rage, Potion Petition, Call Merchant, Bribe
Branch


You were on level 6 of the Lair of Beasts.
You worshipped Gozag.
Gozag was pleased with you.
You visited 3 branches of the dungeon, and saw 17 of its levels.
You also visited: Bailey.

You collected 2757 gold pieces.
You spent 1660 gold pieces at shops.
You paid 187 gold pieces to Gozag.

Inventory:

Hand Weapons
 a - the +10 war axe of Offence (weapon) {pain, +Rage rElec rC- rN+++}
   (You bought it in a shop on level 5 of the Dungeon)

   In the hands of one skilled in necromantic magic, it inflicts extra damage on
   living creatures.
   It makes you vulnerable to cold.
   It insulates you from electricity.
   It renders you almost immune to negative energy.
   It lets you go berserk.
 b - a +0 hand crossbow
 c - a +1 trident of protection
Missiles
 n - 137 bolts
 p - 12 javelins
 s - 17 poisoned darts (quivered)
 z - 3 throwing nets
 B - 15 boomerangs of dispersal
 E - 37 boomerangs
 W - 5 curare-tipped darts
Armour
 i - the +1 hat "Dayrid" (worn) {Will++ Int+3}
   (You acquired it on level 5 of the Lair of Beasts)

   It affects your intelligence (+3).
   It greatly increases your willpower.
 t - a +2 crystal plate armour (worn)
 A - a scarf of resistance (worn)
 T - the +5 kite shield of Unreason (worn) {rPois Int+7}
   (You acquired it on level 5 of the Lair of Beasts)

   It affects your intelligence (+7).
   It protects you from poison.
 Y - a +0 pair of boots of stealth (worn)
 Z - a +1 cloak of preservation
Jewellery
 j - a +4 ring of evasion (left claw)
 r - a ring of protection from fire
 w - an amulet of reflection
 Q - an amulet of guardian spirit (around neck)
 S - a +6 ring of strength (right claw)
Wands
 g - a wand of digging (17)
 x - a wand of acid (10)
 y - a wand of iceblast (3)
 J - a wand of flame (46)
 V - a wand of paralysis (9)
Scrolls
 e - 2 scrolls of fear
 k - 3 scrolls of immolation {unknown}
 m - a scroll of enchant weapon {unknown}
 u - 3 scrolls of vulnerability {unknown}
 v - 3 scrolls of teleportation {unknown}
 H - 2 scrolls of blinking {unknown}
 I - 3 scrolls of fog
 O - a scroll of summoning {unknown}
 R - a scroll of magic mapping
 U - a scroll of amnesia {unknown}
 X - a scroll of enchant armour {unknown}
Potions
 d - 4 potions of ambrosia
 f - 5 potions of haste
 h - a potion of invisibility {unknown}
 l - 4 potions of resistance
 q - 4 potions of heal wounds
 C - a potion of lignification
 D - a potion of mutation
 G - 2 potions of might
 K - 6 potions of curing
 L - a potion of cancellation
 N - 3 potions of flight
 P - 2 potions of attraction
Miscellaneous
 o - a phial of floods
 M - a condenser vane (inert)


   Skills:
 + Level 11.0 Fighting
 + Level 12.3 Axes
 + Level 5.4 Crossbows
 - Level 6.0 Throwing
 + Level 9.4 Armour
 + Level 9.5 Dodging
 - Level 4.5 Stealth
 + Level 5.4 Shields
 - Level 6.0 Evocations


You had 13 spell levels left.
You didn't know any spells.
Your spell library contained the following spells:

 Spells                   Type           Power      Damage    Failure   Level
 Animate Skeleton         Necr           0%         N/A       100%        1
 Apportation              Tloc           0%         N/A       100%        1
 Corona                   Hex            0%         N/A       100%        1
 Foxfire                  Conj/Fire      0%         2x1d4     100%        1
 Magic Dart               Conj           0%         1d3       100%        1
 Summon Small Mammal      Summ           0%         N/A       100%        1
 Blink                    Tloc           N/A        N/A       100%        2
 Call Imp                 Summ           0%         N/A       100%        2
 Ensorcelled Hibernation  Hex/Ice        0%         N/A       100%        2
 Searing Ray              Conj           0%         3d3       100%        2
 Slow                     Hex            0%         N/A       100%        2
 Call Canine Familiar     Summ           0%         N/A       100%        3
 Confusing Touch          Hex            0%         N/A       100%        3
 Conjure Flame            Conj/Fire      0%         6-21      100%        3
 Dazzling Flash           Conj/Hex       0%         N/A       100%        3
 Gell's Gravitas          Tloc           0%         N/A       100%        3
 Ignite Poison            Fire/Tmut/Pois 0%         N/A       100%        3
 Inner Flame              Hex/Fire       0%         N/A       100%        3
 Lesser Beckoning         Tloc           0%         N/A       100%        3
 Mephitic Cloud           Conj/Pois/Air  0%         N/A       100%        3
 Summon Guardian Golem    Hex/Summ       0%         N/A       100%        3
 Teleport Other           Tloc           0%         N/A       100%        3
 Tukima's Dance           Hex            0%         N/A       100%        3
 Fulminant Prism          Conj/Hex       0%         3d6       100%        4
 Iskenderun's Mystic Bla  Conj/Tloc      0%         2d3       100%        4
 Petrify                  Tmut/Erth      0%         N/A       100%        4
 Sticky Flame             Conj/Fire      0%         2d3       100%        4
 Summon Ice Beast         Ice/Summ       0%         N/A       100%        4
 Summon Lightning Spire   Summ/Air       0%         N/A       100%        4
 Fireball                 Conj/Fire      0%         3d3       100%        5
 Manifold Assault         Tloc           0%         N/A       100%        5
 Metabolic Englaciation   Hex/Ice        0%         N/A       100%        5
 Yara's Violent Unravell  Hex/Tmut       0%         3d3       100%        5
 Starburst                Conj/Fire      0%         8x6d3     100%        6
 Ignition                 Fire           0%         3d3       100%        8


Dungeon Overview and Level Annotations

Branches:
Dungeon (10/15)            Temple (1/1) D:4            Lair (6/6) D:10
  Swamp (0/4) Lair:4       Spider (0/4) Lair:2        Slime (0/5) Lair:5
 Bailey (visited)
    Orc: D:9-12

Altars:
Ashenzari
Cheibriados
Dithmenos
Elyvilon
Fedhas
Gozag
Hepliaklqana
Kikubaaqudgha
Makhleb
Nemelex Xobeh
Okawaru
Qazlal
Ru
Sif Muna
Trog
Uskayaw
Vehumet
Wu Jian
Xom
Yredelemnul
Zin
The Shining One

Shops:
D:5 *   D:8 [   D:10 !

Annotations:
Lair:6 3 runed translucent doors, freelancePsychic's ghost, journeyman DsAr


Innate Abilities, Weirdness & Mutations

You have claws for hands.
You are mostly covered in slimy green scales. (AC +3)
You sometimes emit foul miasma when damaged in melee.
A meltable icy envelope protects you from harm. (AC +4)
A meltable shield of frost defends you. (SH +4)


Message History

As you read the scroll of fear, it crumbles to dust.
You assume a fearsome visage.
The drowned soul is unaffected.
The plant is unaffected. x2; The merfolk avatar easily resists.
The plant is unaffected.
The eight-headed hydra looks frightened!
The merfolk avatar chants its luring song.
You block the drowned soul's attack.
Okay, then.
Unknown command.
You feel much better.
The merfolk avatar chants its luring song.
You block the drowned soul's attack.
Clouds of noxious fumes condense around you!
The condenser dries out!
The merfolk avatar is engulfed in noxious fumes.
The merfolk avatar appears confused.
The merfolk avatar stops singing.
You are no longer entranced.
You block the drowned soul's attack.
You catch the helpless merfolk avatar completely off-guard!
You slash the merfolk avatar!
The merfolk avatar is moderately wounded.
You closely miss the drowned soul. x2; You slash the drowned soul!
The merfolk avatar's song is interrupted.
The merfolk avatar is engulfed in noxious fumes.
The drowned soul touches you. The drowned soul drowns you!
* * * LOW HITPOINT WARNING * * *
You block the drowned soul's attack.
The merfolk avatar is engulfed in noxious fumes.
You block the drowned soul's attack. You block the drowned soul's attack.
The merfolk avatar is engulfed in noxious fumes.
The drowned soul touches you. The drowned soul drowns you!
* * * LOW HITPOINT WARNING * * *
The merfolk avatar is engulfed in noxious fumes.
The merfolk avatar appears confused.
The drowned soul touches you. The drowned soul drowns you!
* * * LOW HITPOINT WARNING * * *
The drowned soul touches you. The drowned soul drowns you!
You die...
Your body crumbles into a pile of gold.

.≈≈≈P≈≈≈≈≈≈≈≈≈≈≈≈≈≈≈≈≈≈≈≈≈≈≈...#.
.≈≈≈≈≈≈≈≈≈≈≈≈≈≈≈≈≈≈≈≈≈≈≈≈≈≈....#.
≈.#≈.#######....#######.≈.#≈...#.
≈##≈#≈≈8#≈≈≈≈≈≈≈≈≈8#8≈≈#≈.#≈##.#.
≈≈≈≈≈≈≈≈#≈≈≈≈#≈≈≈≈≈#≈≈≈≈≈≈≈P≈ .#.
≈P≈≈#≈≈≈#≈≈≈#≈##≈≈≈#≈≈≈≈≈≈≈≈.≈.##
..#≈#≈≈≈#≈≈≈≈≈≈≈≈≈≈#≈≈≈≈≈#...#..
.##≈# ≈≈≈§§§§§§§≈≈≈#≈≈≈#≈##.....
.≈≈≈≈ 8≈≈§§§§§§}@≈≈.#≈≈≈≈ ≈... #.
≈≈≈P≈≈ ≈≈§§§§§m§≈≈≈.# ≈ ≈≈... .
.##≈#≈≈≈≈≈≈≈)§§§≈≈≈.≈# .. ≈#
≈#≈≈≈≈§§§P≈≈#≈≈≈≈ ≈≈≈
#≈≈≈≈P≈≈≈≈≈#≈≈≈≈ #≈P≈≈≈≈≈≈≈≈# ≈≈≈
#8≈≈≈≈≈≈≈≈.# # ############


You could see a merfolk avatar (confused).

Vanquished Creatures
  Kirke (Lair:4)
  An orc warlord (Bailey)
  Harold (D:6)
  A boulder beetle (Lair:6)
  4 hydras
  3 two-headed ogres
  5 death yaks (Lair:5)
  Urug (D:10)
  Sonja (Lair:2)
  2 manticores (Lair:6)
  3 oklob plants (Lair:5)
  10 elephants
  4 black mambas
  9 cane toads
  A torpor snail (Lair:3)
  Psyche (D:8)
  4 rime drakes
  A kobold demonologist (D:9)
  11 komodo dragons
  A troll (D:8)
  3 hornets
  4 polar bears
  3 blink frogs (Lair:2)
  A shadow (D:9)
  3 wyverns
  A wraith (D:10)
  47 yaks
  8 basilisks
  A steam dragon (D:8)
  5 hogs (Lair:4)
  Menkaure (D:7)
  20 water moccasins
  5 orc warriors
  4 black bears
  A sky beast (D:7)
  A hornet zombie (D:7)
  An ice beast (D:5)
  12 wolves (Lair:4)
  3 ogres
  2 centaurs
  A kobold brigand (D:6)
  A phantom (D:5)
  9 bullfrogs
  3 scorpions
  A gnoll sergeant (D:5)
  A water moccasin zombie (D:6)
  2 electric eels
  10 wights
  A bullfrog zombie (D:6)
  4 lava snakes (D:10)
  3 centaur zombies
  2 jellies
  A centaur skeleton (D:7)
  A gnoll shaman (D:9)
  2 orc priests
  4 iguanas
  4 orc wizards
  A hound skeleton (D:5)
  3 howler monkey zombies
  12 gnolls
  5 adders
  3 shadow imps
  2 adder skeletons
  2 worms
  3 dart slugs (D:1)
  22 orcs
  7 ball pythons
  7 endoplasms
  3 giant cockroaches
  11 hobgoblins
  3 jackals (D:1)
  3 quokkas
  6 bats
  4 frilled lizards (D:1)
  7 goblins
  24 kobolds
  6 rats
375 creatures vanquished.

Vanquished Creatures (others)
  22 fungi
  60 plants
82 creatures vanquished.

Grand Total: 457 creatures vanquished

Notes
Turn   | Place    | Note
-------+----------+-------------------------------------------
     0 | D:5      | flotson the Demonspawn Delver began the quest for the Orb.
     0 | D:5      | Reached XP level 1. HP: 18/18 MP: 1/1
   129 | D:5      | Noticed a jelly
   167 | D:5      | Reached skill level 2 in Axes
   167 | D:5      | Gained mutation: A meltable shield of frost defends you.
                  | (SH +4) [demonic ancestry]
   167 | D:5      | Reached XP level 2. HP: 17/24 MP: 2/2
   284 | D:5      | Noticed a scorpion
   568 | D:2      | Reached skill level 1 in Armour
   568 | D:2      | Gained mutation: You are partially covered in slimy green
                  | scales. (AC +2) [demonic ancestry]
   568 | D:2      | Reached XP level 3. HP: 21/29 MP: 3/3
  1725 | D:1      | Gained mutation: You have sharp fingernails. [demonic
                  | ancestry]
  1725 | D:1      | Reached XP level 4. HP: 31/35 MP: 4/4
  2424 | D:1      | Found a faded altar of an unknown god.
  3622 | D:3      | Reached XP level 5. HP: 39/42 MP: 5/5
  3780 | D:3      | Reached skill level 1 in Evocations
  4150 | D:4      | Found a staircase to the Ecumenical Temple.
  4159 | Temple   | Entered the Ecumenical Temple
  4221 | D:4      | Noticed a black bear
  4229 | D:4      | Killed a black bear
  4230 | D:4      | Reached skill level 3 in Axes
  4230 | D:4      | Gained mutation: You have very sharp fingernails. [demonic
                  | ancestry]
  4230 | D:4      | Reached XP level 6. HP: 21/48 MP: 6/6
  4400 | D:4      | Found a shadowy altar of Dithmenos.
  4411 | D:4      | Reached skill level 1 in Throwing
  5117 | D:5      | Noticed an ice beast
  5129 | D:5      | Killed an ice beast
  5130 | D:5      | Reached XP level 7. HP: 55/55 MP: 7/7
  6365 | D:5      | Found Fola's General Store.
  6505 | D:6      | Found a bloodstained altar of Trog.
  6577 | D:6      | Gained mutation: You are mostly covered in slimy green
                  | scales. (AC +3) [demonic ancestry]
  6577 | D:6      | Reached XP level 8. HP: 51/61 MP: 8/8
  6708 | D:6      | Found a burning altar of Makhleb.
  6730 | D:6      | Reached skill level 5 in Fighting
  6730 | D:6      | Reached skill level 4 in Axes
  6899 | D:6      | Found an ancient bone altar of Kikubaaqudgha.
  7409 | D:7      | Noticed Harold
  7662 | D:6      | Killed Harold
  7663 | D:6      | Reached skill level 5 in Axes
  7663 | D:6      | Reached skill level 5 in Dodging
  7663 | D:6      | Gained mutation: You may rarely emit foul miasma when
                  | damaged in melee. [demonic ancestry]
  7663 | D:6      | Reached XP level 9. HP: 54/69 MP: 9/9
  7801 | D:7      | Noticed Menkaure
  8110 | D:7      | Killed Menkaure
  8111 | D:7      | Reached skill level 5 in Armour
  8187 | D:7      | Reached skill level 5 in Evocations
  8404 | D:8      | Found Hoegh's Antique Armour Shoppe.
  8454 | D:8      | Noticed a troll
  8472 | D:8      | Killed a troll
  8781 | D:8      | Noticed Psyche
  8800 | D:8      | Noticed a two-headed ogre
  8804 | D:8      | Killed Psyche
  8814 | D:8      | Killed a two-headed ogre
  8815 | D:8      | Reached skill level 6 in Axes
  8815 | D:8      | Gained mutation: A meltable icy envelope protects you from
                  | harm. (AC +4) [demonic ancestry]
  8815 | D:8      | Reached XP level 10. HP: 77/77 MP: 10/10
 10639 | D:9      | Found a flagged portal.
 10651 | Bailey   | Entered a bailey
 10656 | Bailey   | Noticed an orc warlord
 10743 | Bailey   | Reached skill level 5 in Throwing
 10775 | Bailey   | Found a runed translucent gate.
 10775 | Bailey   | Found a runed translucent gate.
 10775 | Bailey   | Found a runed translucent gate.
 10931 | Bailey   | Killed an orc warlord
 11060 | D:9      | Noticed a two-headed ogre
 11070 | D:9      | Killed a two-headed ogre
 11263 | D:9      | Reached XP level 11. HP: 86/86 MP: 11/11
 11383 | D:9      | Noticed a soul eater
 11783 | D:10     | Entered Level 10 of the Dungeon
 11819 | D:10     | Reached skill level 10 in Axes
 11819 | D:10     | Gained mutation: You have claws for hands. [demonic
                  | ancestry]
 11819 | D:10     | Reached XP level 12. HP: 90/90 MP: 12/12
 11835 | D:10     | Noticed Urug
 11855 | D:10     | Killed Urug
 11894 | D:10     | Found a staircase to the Lair.
 11943 | D:10     | Noticed a two-headed ogre
 11956 | D:10     | Killed a two-headed ogre
 11979 | D:10     | Found a sacrificial altar of Ru.
 12440 | D:10     | Found Jirphus's Distillery.
 12464 | D:10     | Reached skill level 11 in Axes
 13120 | D:10     | Found an opulent altar of Gozag.
 13381 | D:10     | Found a hide-covered altar of Uskayaw.
 13390 | D:10     | Became a worshipper of Gozag Ym Sagoz the Greedy
 13425 | Lair:1   | Entered Level 1 of the Lair of Beasts
 13458 | Lair:1   | Found a burning altar of Makhleb.
 13646 | D:8      | Bought a distressingly furry buckler for 323 gold pieces
 13646 | D:8      | Identified the +1 buckler of the Devil {Fly rPois Dex+4}
                  | (You bought it in a shop on level 8 of the Dungeon)
 13757 | Lair:1   | Noticed an eight-headed hydra
 13768 | Lair:1   | Killed an eight-headed hydra
 13982 | Lair:1   | Reached skill level 1 in Crossbows
 14116 | Lair:1   | Reached skill level 1 in Shields
 14630 | Lair:2   | Found a hole to the Spider Nest.
 14630 | Lair:2   | Noticed Sonja
 14745 | Lair:2   | Killed Sonja
 15551 | D:8      | Bought a glowing cloak for 255 gold pieces
 16449 | Lair:3   | Reached XP level 13. HP: 101/101 MP: 13/13
 17783 | Lair:4   | Found a staircase to the Swamp.
 18213 | Lair:4   | Noticed Kirke
 18246 | Lair:4   | Killed Kirke
 18247 | Lair:4   | Reached skill level 10 in Fighting
 19170 | Lair:5   | Found a staircase to the Slime Pits.
 19342 | Lair:5   | Identified the +3 buckler "Leskodenn" {rPois rF+ Stlth+}
 19666 | D:5      | Bought the +10 war axe of Offence {pain, +Rage rElec rC-
                  | rN+++} for 1082 gold pieces
 20380 | Lair:5   | Reached skill level 12 in Axes
 21492 | Lair:5   | Gained mutation: You sometimes emit foul miasma when
                  | damaged in melee. [demonic ancestry]
 21492 | Lair:5   | Reached XP level 14. HP: 54/111 MP: 5/14
 21510 | Lair:5   | Identified 4 scrolls of acquirement
 21511 | Lair:5   | Acquired the +5 kite shield of Unreason {rPois Int+7}
 21523 | Lair:5   | Acquired a +2 crystal plate armour
 21524 | Lair:5   | Acquired a manual of Fighting
 21525 | Lair:5   | Acquired the +1 hat "Dayrid" {Will++ Int+3}
 21755 | Lair:6   | Entered Level 6 of the Lair of Beasts
 21852 | Lair:6   | Reached skill level 5 in Crossbows
 21853 | Lair:6   | Reached skill level 5 in Shields
 22527 | Lair:6   | Found a runed translucent gate.
 22527 | Lair:6   | Noticed freelancePsychic's ghost (journeyman DsAr)
 22528 | Lair:6   | Found a runed translucent gate.
 22528 | Lair:6   | Found a runed translucent gate.
 22880 | Lair:6   | HP: 2/113 [drowned by a drowned soul[a merfolk avatar]
                  | (14)]
 22880 | Lair:6   | Drowned by a drowned soul

Illustrated notes

Levels and vault maps discovered:
D:1:      beargit_arrival_diablo_church, layout_basic,
          ebering_ecumenical_altar_rust, st_stairs_12
D:2:      layout_basic, corexii_hall_statues_i
D:3:      layout_basic
D:4:      layout_loops_ring, nicolae_dithmenos_the_darkroom,
          minmay_temple_entry_stoned_glass, kennysheep_generic_room_15
D:5:      layout_basic, serial_shops, nicolae_shop_behind_doors
D:6:      layout_loops_ring, nicolae_overflow_crystal_walls, lemuel_round_altar,
          kiku_gazebo_pond_becter, minmay_unpleasant_kobolds
D:7:      layout_cave_pools, uniq_menkaure, uniq_harold
D:8:      layout_layer_cave, serial_shops, nicolae_shop_crystal,
          kennysheep_pointless_box, kennysheep_cross_bottleneck, uniq_psyche
D:9:      layout_roguey, enter_bailey_2
D:10:     layout_roguey, hangedman_ru_absence, nicolae_overflow_hidden_temple,
          david_lair_generic, serial_shops, nicolae_inconvenience_store,
          uniq_urug
Temple:   nicolae_temple_no_exploring_needed
Lair:1:   layout_hall_layers, basic_altar
Lair:2:   layout_small_grid, dummy_spider_entry, uniq_sonja
Lair:3:   wander_river, layout_cave_pods, chequers_serial_rivers_micro_c,
          serial_bayou_shore_a
Lair:4:   layout_gridlike, swamp_mist_pool, uniq_kirke
Lair:5:   layout_cave_pods, slime_dummy, amcnicky_mini_pool_medium,
          minmay_lair_oklob_chamber, serial_bayou_shore_b
Lair:6:   gammafunk_lair_ancient_temple, layout_cave_pods,
          gammafunk_ghost_split, st_stairs_3

Skill      XL: |  1  2  3  4  5  6  7  8  9 10 11 12 13 14 |
---------------+-------------------------------------------+-----
Axes           | 2 3 5 6 10 11 12 | 12.3
Dodging        | 2 3 4 5 6 8 9 |  9.5
Armour         | 1 2 3 4 5 6 8 9 |  9.4
Evocations     | 1 2 3 4 5 6 |  6.0
Fighting       | 4 6 8 9 10 11 | 11.0
Throwing       | 1 2 4 5 6 |  6.0
Crossbows      | 2 4 5 |  5.4
Shields        | 2 4 5 |  5.4
Stealth        | |  4.5

Action                   |  1- 3 |  4- 6 |  7- 9 | 10-12 | 13-15 || total
-------------------------+-------+-------+-------+-------+-------++-------
Melee: Hand axe          |   115 |    13 |       |       |       ||   128
       Whip              |       |    34 |       |       |       ||    34
       War axe           |       |    70 |   292 |   334 |   491 ||  1187
       Battleaxe         |       |       |    18 |       |       ||    18
       Trident           |       |       |       |    65 |    64 ||   129
 Fire: Shortbow          |       |    59 |    37 |       |       ||    96
       Hand crossbow     |       |       |       |   123 |    20 ||   143
Throw: Dart              |       |    17 |    21 |     1 |       ||    39
       Throwing net      |       |       |     5 |     6 |       ||    11
       Boomerang         |       |       |     2 |     5 |       ||     7
Evoke: Wand              |       |       |    10 |     2 |       ||    12
       Condenser vane    |       |       |       |     1 |     1 ||     2
  Use: Scroll            |     1 |       |       |    11 |    10 ||    22
       Potion            |       |       |       |     2 |     1 ||     3
 Stab: Sleeping          |     4 |       |     1 |       |       ||     5
       Paralysed         |       |       |     5 |     2 |       ||     7
       Held in net/web   |       |       |       |     2 |       ||     2
       Distracted        |       |       |       |     1 |     1 ||     2
       Confused          |       |       |       |       |     1 ||     1
Armor: Leather armour    |    38 |       |       |       |       ||    38
       Scale mail        |       |    48 |    94 |       |       ||   142
       Chain mail        |       |       |    57 |   191 |   168 ||   416
       Skin              |       |       |     4 |       |       ||     4
       Crystal plate arm |       |       |       |       |   104 ||   104
Dodge: Dodged            |    88 |    78 |   230 |   296 |   285 ||   977
Block: Other             |    14 |    19 |    89 |    50 |       ||   172
       Buckler           |       |       |       |    60 |   190 ||   250
       Kite shield       |       |       |       |       |   203 ||   203

Table legend: (Time is in decaauts)
 A = Elapsed time spent in this place.
 B = Non-inter-level travel time spent in this place.
 C = Inter-level travel time spent in this place.
 D = Time resting spent in this place.
 E = Time spent auto-exploring this place.
 F = Levels seen in this place.
 G = Mean time per level.
                   A        B        C        D        E       F      G
               +--------+--------+--------+--------+--------+-----+--------+
         Total |  23133 |  20432 |   2701 |   1339 |  15235 |  18 | 1285.2 |
       Dungeon |  13943 |  11747 |   2196 |    815 |   8576 |  10 | 1394.3 |
        Temple |      3 |      3 |      0 |      0 |      0 |   1 |    3.0 |
          Lair |   8794 |   8289 |    505 |    524 |   6468 |   6 | 1465.7 |
        Bailey |    392 |    392 |      0 |      0 |    190 |   1 |  392.0 |
               +--------+--------+--------+--------+--------+-----+--------+

Top non-repeatable levels by time:
  Lair:5: 2429 daAuts
     D:5: 1860 daAuts
    D:10: 1762 daAuts
     D:2: 1683 daAuts
     D:8: 1637 daAuts
     D:4: 1596 daAuts
  Lair:2: 1553 daAuts
  Lair:3: 1465 daAuts
     D:6: 1441 daAuts
  Lair:6: 1159 daAuts
  Lair:1: 1153 daAuts
     D:3: 1125 daAuts
  Lair:4: 1032 daAuts
     D:1: 1017 daAuts
     D:9: 970 daAuts
